 Dungeon Crawl Stone Soup version 0.28.0-43-g3370ac3207 (webtiles) character file.

Game seed: 17707732079007707704

40 tizbic2 the Caller (level 3, -1/25 HPs)
             Began as a Gnoll Summoner on Mar 13, 2022.
             Was a Follower of Qazlal.
             Slain by Sigmund
             ... wielding a +0 scythe
              (11 damage)
             ... on level 2 of the Dungeon.
             The game lasted 00:07:57 (1467 turns).

tizbic2 the Caller (Gnoll Summoner)                 Turns: 1467, Time: 00:07:58

Health: -1/25      AC:  5    Str:  7    XL:     3   Next: 50%
Magic:  7/9        EV: 10    Int: 16    God:    Qazlal [*.....]
Gold:   103        SH:  1    Dex: 12    Spells: 8/12 levels left

rFire   . . .      SeeInvis .   l - +2 short sword (venom)
rCold   . . .      Faith    .   (no shield)
rNeg    + . .      Spirit   .   i - +0 ring mail
rPois   +          Reflect  .   (no helmet)
rElec   .          Harm     .   (no cloak)
rCorr   .          Rampage  .   (no gloves)
Will    .....                   (no boots)
Stlth   ++........              (no amulet)
HPRegen 0.08/turn               d - ring of positive energy
MPRegen 0.11/turn               k - ring of poison resistance

@: no status effects
A: fangs 1, strong nose, distributed training
a: Renounce Religion


You were on level 2 of the Dungeon.
You worshipped Qazlal.
Qazlal was aware of your devotion.
You visited 1 branch of the dungeon, and saw 2 of its levels.

You collected 103 gold pieces.

Inventory:

Hand Weapons
 l - a +2 short sword of venom (weapon)
 o - a +2 short sword of flaming
Missiles
 b - 4 poisoned darts
 c - 28 bolts
 e - 114 stones
Armour
 a - a +0 robe
 i - a +0 ring mail (worn)
 n - a +0 tower shield
Jewellery
 d - a ring of positive energy (left hand)
 k - a ring of poison resistance (right hand)
Scrolls
 f - a scroll of immolation {unknown}
 g - a scroll of teleportation {unknown}
 h - a scroll of identify {unknown}
 j - a scroll of summoning {unknown}
Potions
 m - a potion of ambrosia {unknown}


   Skills:
 + Level 0.8 Fighting
 + Level 0.8 Short Blades
 + Level 0.8 Long Blades
 + Level 0.8 Axes
 + Level 0.8 Maces & Flails
 + Level 0.8 Polearms
 + Level 0.8 Staves
 + Level 0.8 Slings
 + Level 0.8 Bows
 + Level 0.8 Crossbows
 + Level 0.8 Throwing
 + Level 0.8 Armour
 + Level 4.5 Dodging
 + Level 4.1 Stealth
 + Level 0.8 Shields
 + Level 0.8 Unarmed Combat
 + Level 5.0 Spellcasting
 + Level 0.5 Conjurations
 + Level 0.5 Hexes
 + Level 7.1 Summonings
 + Level 0.5 Necromancy
 + Level 0.5 Translocations
 + Level 0.5 Transmutations
 + Level 0.5 Fire Magic
 + Level 0.5 Ice Magic
 + Level 0.5 Air Magic
 + Level 0.5 Earth Magic
 + Level 0.5 Poison Magic
 + Level 1.0 Invocations
 + Level 0.8 Evocations


You had 8 spell levels left.
You knew the following spells:

 Your Spells              Type           Power      Damage    Failure   Level
a - Summon Small Mammal   Summ           100%       N/A       2%          1
b - Call Canine Familiar  Summ           26%        N/A       9%          3

Your spell library contained the following spells:

 Spells                   Type           Power      Damage    Failure   Level
 Call Imp                 Summ           26%        N/A       4%          2
 Summon Guardian Golem    Hex/Summ       16%        N/A       32%         3
 Summon Lightning Spire   Summ/Air       16%        N/A       71%         4


Dungeon Overview and Level Annotations

Branches:
Dungeon (2/15)

Altars:
Qazlal

Shops:
D:2 =

Annotations:
D:2 Sigmund


Innate Abilities, Weirdness & Mutations

You have very sharp teeth.
Your uncanny sense of smell can sniff out nearby items.
Your experience applies equally to all skills.


Message History

Confirm with . or Enter, or press ? or * to list all spells.
Something hits you!
Your hound bites something.
Your bat misses something. You barely miss something. Your bat hits something.
Your hound bites something.
Something hits you but does no damage.
Your hound closely misses something.
You miss something.
Your bat hits something but does no damage.
Your hound bites something.
You miss something.
Your bat closely misses something.
Your hound barely misses something.
You hear some strange, mumbled words.
You are confused.
Your bat misses something.
Your hound closely misses something.
Are you sure you want to stumble around while confused and next to your quokka? [Y]es or [N]o only, please.
Are you sure you want to stumble around while confused and next to your quokka? [Y]es or [N]o only, please.
Are you sure you want to stumble around while confused and next to your quokka?
Okay, then.
Your bat barely misses something.
Your bat hits something but does no damage.
Something barely misses your bat.
Your hound bites something.
Your bat hits something but does no damage.
Your hound closely misses something.
Something misses your bat.
Your hound bites something.
Your hound bites something.
Your hound barely misses something.
A puff of flame appears from out of thin air!
The puff of flame hits you!
Your hound closely misses something.
Are you sure you want to stumble around while confused and next to your quokka?
Okay, then.
You feel less confused. Something hits your bat!
Your bat dies!
Your bat's corpse disappears in a puff of smoke!
Your hound closely misses something.
You hear a shout!
You closely miss something.
Your hound barely misses something.
Your quokka is engulfed in freezing vapours.
Something hits you!
You die...

##............#
#............#
#............# ####
#............###...
#.......†....##...
#####..#'######..#
#..#.# #.h#
#..#.######{.#
###.........§@r# ∆
####............§.#
..##.###.#.######.#
..## #...# ## ..#
##..# ..# #..# ∆
..# ...#
..#######..#####
..##....#.......


You could see a friendly hound (summoned) and a friendly quokka (summoned).

Vanquished Creatures
  An adder (D:2)
  A ball python (D:1)
  2 endoplasms (D:2)
  A goblin (D:2)
  2 jackals (D:1)
  A frilled lizard (D:1)
8 creatures vanquished.

Vanquished Creatures (collateral kills)
  A dart slug (D:1)
  3 ball pythons
  An endoplasm (D:2)
  A giant cockroach (D:1)
  2 goblins (D:2)
  3 hobgoblins
  A quokka (D:2)
  2 bats (D:2)
  A frilled lizard (D:1)
  3 kobolds
18 creatures vanquished.

Vanquished Creatures (others)
  9 plants (D:2)
9 creatures vanquished.

Grand Total: 35 creatures vanquished

Notes
Turn   | Place    | Note
-------+----------+-------------------------------------------
     0 | D:1      | tizbic2 the Gnoll Summoner began the quest for the Orb.
     0 | D:1      | Reached XP level 1. HP: 13/13 MP: 6/6
   257 | D:1      | Reached XP level 2. HP: 19/19 MP: 4/7
  1018 | D:2      | Reached skill level 5 in Spellcasting
  1018 | D:2      | Reached XP level 3. HP: 21/25 MP: 4/9
  1045 | D:2      | Learned a level 3 spell: Call Canine Familiar
  1174 | D:2      | Reached skill level 1 in Invocations
  1197 | D:2      | Found a faded altar of an unknown god.
  1203 | D:2      | Prayed at the altar of an unknown god.
  1203 | D:2      | Became a worshipper of Qazlal Stormbringer
  1203 | D:2      | Reached * piety under Qazlal
  1422 | D:2      | Found Qurami's Jewellery Emporium.
  1449 | D:2      | Noticed Sigmund
  1467 | D:2      | Slain by Sigmund

Illustrated notes

Levels and vault maps discovered:
D:1:      amcnicky_arrival_blooded_trapdoor, layout_basic
D:2:      layout_basic, shapermc_ecumenical_altar_petra, serial_shops, shop,
          serial_bayou, serial_bayou_lake_a, serial_bayou_pond_e,
          serial_bayou_pond_a, serial_bayou_shore_b, uniq_sigmund

Skill      XL: |  1  2  3 |
---------------+----------+-----
Spellcasting   | 5 |  5.0
Invocations    | 1 |  1.0
Fighting       | |  0.8
Short Blades   | |  0.8
Long Blades    | |  0.8
Axes           | |  0.8
Maces & Flails | |  0.8
Polearms       | |  0.8
Staves         | |  0.8
Slings         | |  0.8
Bows           | |  0.8
Crossbows      | |  0.8
Throwing       | |  0.8
Armour         | |  0.8
Dodging        | |  4.5
Stealth        | |  4.1
Shields        | |  0.8
Unarmed Combat | |  0.8
Conjurations   | |  0.5
Hexes          | |  0.5
Summonings     | |  7.1
Necromancy     | |  0.5
Translocations | |  0.5
Transmutations | |  0.5
Fire Magic     | |  0.5
Ice Magic      | |  0.5
Air Magic      | |  0.5
Earth Magic    | |  0.5
Poison Magic   | |  0.5
Evocations     | |  0.8

Action                   || total
-------------------------++-------
Melee: Short sword       ||    26
       Unarmed           ||     2
       Bite              ||     3
       Rapier            ||     6
 Cast: Summon Small Mamm ||    30
       Call Canine Famil ||     3
 Stab: Distracted        ||     2
Armor: Robe              ||     4
       Ring mail         ||    10
Dodge: Dodged            ||    24
Block: Tower shield      ||     3
